 Dungeon Crawl Stone Soup version 0.21-a0-286-g6fcecc0 (webtiles) character file.

49 nikopol the Skirmisher (level 3, -2/34 HPs)
             Began as a Minotaur Fighter on Sept 26, 2017.
             Slain by a quokka (3 damage)
             ... on level 2 of the Dungeon.
             The game lasted 00:01:05 (616 turns).

nikopol the Skirmisher (Minotaur Fighter)            Turns: 616, Time: 00:01:06

Health: -2/34      AC:  7    Str: 20    XL:     3   Next: 53%
Magic:  2/2        EV:  7    Int:  5    God:
Gold:   94         SH:  9    Dex: 10    Spells: 2/2 levels left

rFire    . . .     SeeInvis .   a - +0 war axe
rCold    . . .     Gourm    .   c - +0 shield
rNeg     . . .     Faith    .   b - +0 scale mail
rPois    .         Spirit   .   (helmet restricted)
rElec    .         Reflect  .   (no cloak)
rCorr    .         Harm     .   (no gloves)
MR       .....                  (no boots)
Stlth    ..........             (no amulet)
HPRegen  0.11/turn              (no ring)
MPRegen  0.08/turn              (no ring)

@: no status effects
A: retaliatory headbutt, horns 2
a: no special abilities


You were on level 2 of the Dungeon.
You were not hungry.

You visited 1 branch of the dungeon, and saw 2 of its levels.

You collected 94 gold pieces.

Inventory:

Hand Weapons
 a - a +0 war axe (weapon)
Armour
 b - a +0 scale mail (worn)
 c - a +0 shield (worn)
Jewellery
 m - an uncursed amulet of guardian spirit {unknown}
 n - an uncursed amulet of the gourmand {unknown}
Scrolls
 g - a scroll of recharging {unknown}
 h - a scroll of amnesia {unknown}
 j - a scroll of remove curse {unknown}
 l - a scroll of enchant weapon {unknown}
 o - 2 scrolls of identify {unknown}
Potions
 d - 2 potions of might
 e - 2 potions of curing {unknown}
Comestibles
 f - 2 bread rations
 i - 2 chunks of flesh
 k - 2 fruits


   Skills:
 + Level 4.4 Fighting
 + Level 3.2 Axes
 + Level 3.9 Armour
 + Level 0.2 Dodging
 + Level 4.1 Shields


You had 2 spell levels left.
You didn't know any spells.

Dungeon Overview and Level Annotations

Branches:
Dungeon (2/15)

Altars:


Innate Abilities, Weirdness & Mutations

You reflexively headbutt those who attack you in melee.
You have a pair of horns on your head.


Message History

You miss the quokka. Jessica hits you but does no damage.
You block the quokka's attack. Jessica hits you but does no damage.
You barely miss Jessica.
Jessica is heavily wounded.
You barely miss the quokka. You block the quokka's attack. Jessica hits you.
* * * LOW HITPOINT WARNING * * *
The quokka closely misses you.
You slash Jessica!
You kill Jessica!
Your Axes skill increases to level 3!
Your Shields skill increases to level 4!
You have reached level 3!
Your experience leads to an increase in your attributes!
Increase (S)trength, (I)ntelligence, or (D)exterity?
You feel agile.
Your shield and scale mail prevent you from hitting the quokka.
The quokka bites you.
* * * LOW HITPOINT WARNING * * *
The quokka bites you.
You die...

#.# #.# # #.#
#. ... #.##.#
#..#.##
####.?†r.#
+.....[@)#
####...#.###.#
#.........#
#####.#####
######.# #+#
#......# #.#
#.######
####.#### #.#
......(.# #.#


You could see a quokka.

Vanquished Creatures
  Jessica (D:2)
  9 goblins
  2 hobgoblins (D:1)
  A jackal (D:1)
  3 kobolds (D:1)
  2 bats (D:1)
  2 frilled lizards (D:1)
  2 rats (D:1)
22 creatures vanquished.

Notes
Turn   | Place    | Note
-------+----------+-------------------------------------------
     0 | D:1      | nikopol the Minotaur Fighter began the quest for the Orb.
     0 | D:1      | Reached XP level 1. HP: 19/19 MP: 0/0
   125 | D:1      | Reached XP level 2. HP: 24/27 MP: 1/1
   604 | D:2      | Noticed Jessica
   616 | D:2      | Killed Jessica
   616 | D:2      | Reached XP level 3. HP: 4/34 MP: 2/2
   616 | D:2      | HP: 1/34 [quokka (4)]
   616 | D:2      | Slain by a quokka

Vault maps used:
D:1:      minmay_arrival_glassed_features, minmay_misc_feat_chi,
          minmay_quantized
D:2:      kennysheep_slug_shrine, overflow_temple_1_default, uniq_jessica

Skill      XL: |  1  2 |
---------------+-------+-----
Fighting       | 4 |  4.4
Axes           | 3 |  3.2
Shields        | 4 |  4.1
Armour         | |  3.9
Dodging        | |  0.2

Action                   || total
-------------------------++-------
Melee: War axe           ||    56
       Headbutt          ||     8
Armor: Scale mail        ||    23
Dodge: Dodged            ||    13
Block: Shield            ||    26

Table legend:
 A = Spawn XP
 B = Non-spawn XP
 C = Spawn XP percentage of total XP
 D = Spawn monster count
 E = Non-spawn monster count
 F = Spawn count percentage of total count
 G = Total turns spent on level
                    A         B        C        D         E        F      G
               +---------+---------+-------+---------+---------+-------+---------
         Total |       0 |      71 |   0.0 |       0 |      22 |   0.0 |   616
               +---------+---------+-------+---------+---------+-------+---------
           D:1 |       0 |      30 |   0.0 |       0 |      19 |   0.0 |   574
           D:2 |       0 |      41 |   0.0 |       0 |       3 |   0.0 |    42
               +---------+---------+-------+---------+---------+-------+---------
